 Dungeon Crawl Stone Soup version 0.31.0-7-gf635a9b802 (webtiles) character file.

Game seed: 2865380825296692338

15478 Ijustatesigmund the Thaumaturge (level 12, -1/72 HPs)
             Began as a Gargoyle Earth Elementalist on Jan 23, 2024.
             Was a Priest of Vehumet.
             Slain by a komodo dragon (22 damage)
             ... on level 11 of the Dungeon.
             The game lasted 00:37:36 (11826 turns).

Ijustatesigmund the Thaumaturge (GrEE)             Turns: 11826, Time: 00:37:36

Health: -1/72      AC: 15    Str: 13    XL:     12   Next: 27%
Magic:  35/35      EV: 11    Int: 26    God:    Vehumet [***...]
Gold:   703        SH:  0    Dex: 10    Spells: 22/31 levels left

rFire   . . .        i - +5 flail
rCold   . . .        (no shield)
rNeg    + . .        a - +0 troll leather armour
rPois   ∞            Q - +1 helmet
rElec   +            s - +0 cloak
rCorr   .            (no gloves)
SInv    .            (no boots)
Will    .....        (no amulet)
Stlth   ++           g - ring of magical power
HPRegen 1.12/turn    c - +6 ring of intelligence
MPRegen 0.24/turn

%: no passive effects
@: studying 2 skills
A: sickness immunity, AC +8, negative energy resistance 1, electricity
resistance, torment resistance 1, petrification resistance
a: Renounce Religion


You were on level 11 of the Dungeon.
You worshipped Vehumet.
Vehumet was most pleased with you.
You visited 1 branch of the dungeon, and saw 11 of its levels.
You also visited: Ossuary.

You collected 890 gold pieces.
You spent 187 gold pieces at shops.

Inventory:

Hand Weapons
 i - a +5 flail (weapon)
 G - a +5 war axe of electrocution
 N - the +8 frozen axe "Frostbite" {freeze, freezing cloud, *Noise Fly rC+}
   (You found it on level 10 of the Dungeon)

   rC+:       It protects you from cold.
   Fly:       It grants you flight.
   *Noise:    It may make a loud noise when swung.
Armour
 a - a +0 troll leather armour (worn)
 s - a +0 cloak (worn)
 L - a +0 kite shield
 Q - a +1 helmet (worn)
Magical Staves
 t - a staff of alchemy
Jewellery
 c - a +6 ring of intelligence (right hand)
 g - a ring of magical power (left hand)
 o - a ring of positive energy
 u - a ring of protection from cold
 w - a ring of ice
 C - a ring of see invisible
 D - an amulet of the acrobat
 F - a ring of protection from cold
 O - a ring of ice
Wands
 v - a wand of roots (6)
 y - a wand of quicksilver (7)
 H - a wand of polymorph (11)
 K - a wand of digging (4)
 P - a wand of flame (9)
 R - a wand of mindburst (9)
Scrolls
 d - 3 scrolls of blinking
 e - 3 scrolls of teleportation
 h - a scroll of enchant armour
 j - 2 scrolls of poison
 k - 2 scrolls of enchant weapon
 n - 8 scrolls of identify
 x - a scroll of fear
 I - a scroll of fog
 J - 3 scrolls of immolation
 T - a scroll of vulnerability
Potions
 b - 2 potions of magic
 f - 4 potions of haste
 l - a potion of resistance
 m - 8 potions of curing
 p - 5 potions of brilliance
 q - a potion of attraction
 r - 2 potions of ambrosia
 z - 2 potions of heal wounds
 A - a potion of mutation
 B - 3 potions of might
 E - 2 potions of lignification
 S - a potion of berserk rage {unknown}


   Skills:
 - Level 7.2 Fighting
 - Level 6.1 Maces & Flails
 - Level 4.8 Armour
 - Level 1.5 Dodging
 - Level 2.1 Stealth
 + Level 10.2 Spellcasting
 + Level 8.0 Conjurations
 + Level 9.8 Earth Magic
 - Level 6.3 Alchemy


You had 22 spell levels left.
You knew the following spells:

 Your Spells              Type           Power      Damage    Failure   Level
a - Sandblast             Erth           100%       2d20      1%          1
b - Stone Arrow           Conj/Erth      100%       3d13      1%          3
c - Irradiate             Conj/Alch      25%        3d20      2%          5

Your spell library contained the following spells:

 Spells                   Type           Power      Damage    Failure   Level
 Freeze                   Ice            52%        1d6       1%          1
 Static Discharge         Conj/Air       68%        3-6/arc   1%          2
 Hailstorm                Conj/Ice       34%        3d8       1%          3
 Passwall                 Erth           59%        N/A       1%          3
 Brom's Barrelling Bould  Conj/Erth      56%        2d7       1%          4
 Petrify                  Alch/Erth      53%        N/A       1%          4
 Frozen Ramparts          Ice            26%        1d4       4%          3
 Inner Flame              Hex/Fire       13%        N/A       4%          3
 Airstrike                Air            6%         2d(1-17)  16%         4
 Summon Ice Beast         Ice/Summ       13%        N/A       17%         3
 Summon Lightning Spire   Summ/Air       13%        N/A       50%         4
 Summon Mana Viper        Hex/Summ       13%        N/A       83%         5
 Monstrous Menagerie      Summ           6%         N/A       100%        7
 Ignition                 Fire           6%         3d4       100%        8


Dungeon Overview and Level Annotations

Branches:
Dungeon (11/15)            Temple (0/1) D:6             Orc (0/2) D:9
Ossuary (visited)
   Lair: D:8-11

Altars:
Elyvilon
Fedhas
Gozag
Hepliaklqana
Makhleb
Nemelex Xobeh
Ru
Sif Muna
Vehumet
Xom
Yredelemnul
Zin
The Shining One

Shops:
D:5 !

Annotations:
D:10 1 runed translucent door


Innate Abilities, Weirdness & Mutations

You are immune to sickness and miasma.
Your stone body is resilient. (AC +8)
You are immune to poison.
You resist negative energy. (rN+)
You are resistant to electric shocks. (rElec)
You are resistant to unholy torment.
You are immune to petrification.


Message History

The vampire mosquito bites you but does no damage.
You hit the komodo dragon.
The komodo dragon is lightly wounded.
The komodo dragon bites you!!
You hit the komodo dragon but do no damage.
The komodo dragon is lightly wounded.
The komodo dragon bites you!
You hit the komodo dragon.
The komodo dragon is lightly wounded.
The komodo dragon bites you!
You are too injured to fight recklessly!
You are too injured to fight recklessly!
You are too injured to fight recklessly!
You are too injured to fight recklessly!
You are too injured to fight recklessly!
You are too injured to fight recklessly!
You are too injured to fight recklessly!
You are too injured to fight recklessly!
You are too injured to fight recklessly!
You are too injured to fight recklessly!
You are too injured to fight recklessly!
You are too injured to fight recklessly!
You are too injured to fight recklessly!
You are too injured to fight recklessly!
You are too injured to fight recklessly!
You are too injured to fight recklessly!
You thump the komodo dragon!
The komodo dragon is moderately wounded.
The komodo dragon bites you.
You closely miss the komodo dragon.
The komodo dragon is moderately wounded.
The komodo dragon bites you.
You hit the komodo dragon.
The komodo dragon is moderately wounded.
The komodo dragon bites you!
* * * LOW HITPOINT WARNING * * *
You hit the komodo dragon.
The komodo dragon is moderately wounded.
The komodo dragon bites you!!
You die...

##### ### ###
####.#
####...####
.########
######...###....
./......#
#.##..#### #####
.......W###....##
# #..Wyl@....##
####k####### ###
## #####+######
.# #..........#
.# #..........#
.# #..........###
.# #..........'.#


You could see a komodo dragon, 2 wraiths, a swamp drake and a vampire mosquito.

Vanquished Creatures
  Josephine (D:11)
  The ghost of Karim the Magician, a journeyman GnEE of Ashenzari (D:10)
  A centaur warrior (D:9)
  A boulder beetle (D:11)
  A two-headed ogre (D:8)
  A dancing weapon (D:10)
  2 manticores
  5 rime drakes
  A freezing wraith (D:10)
  An unseen horror (D:11)
  2 komodo dragons (D:11)
  A tengu conjurer (D:9)
  2 trolls
  A polar bear (D:9)
  2 hornets (D:9)
  Grinder (D:3)
  Prince Ribbit (D:9)
  A yak (D:9)
  4 wyverns
  A shadow (D:11)
  5 wraiths
  A basilisk (D:9)
  A steam dragon (D:10)
  7 vampire mosquitoes
  3 water moccasins (D:5)
  A black bear (D:5)
  5 orc warriors
  An ice beast (D:5)
  3 sky beasts
  6 ogres
  5 centaurs
  3 kobold brigands
  An elf zombie (Ossuary)
  4 bullfrogs
  2 gnoll sergeants
  2 scorpions
  5 wights (D:6)
  6 killer bees (D:9)
  A howler monkey (D:10)
  A crimson imp (D:7)
  A centaur zombie (Ossuary)
  3 hounds
  2 human zombies (Ossuary)
  A jelly (D:7)
  An orc priest (D:9)
  A gnoll bouda (D:6)
  2 sleepcaps
  3 iguanas
  6 orc wizards
  5 hound zombies (Ossuary)
  2 mummies (Ossuary)
  Robin (D:4)
  6 gnolls
  6 adders
  2 ufetubi (D:6)
  5 adder zombies (Ossuary)
  3 ribbon worms
  2 dart slugs
  19 orcs
  9 endoplasms
  2 giant cockroaches
  6 gnoll zombies (Ossuary)
  12 goblins
  7 hobgoblins
  6 quokkas
  6 ball pythons
  3 bats (D:3)
  2 frilled lizards (D:1)
  7 jackal zombies (Ossuary)
  17 kobolds
  2 kobold zombies (Ossuary)
  7 orc zombies (Ossuary)
  5 rats
256 creatures vanquished.

Notes
Turn   | Place    | Note
-------+----------+-------------------------------------------
     0 | D:1      | Ijustatesigmund the Gargoyle Earth Elementalist began the
                  | quest for the Orb.
     0 | D:1      | Reached XP level 1. HP: 10/10 MP: 3/3
   383 | D:1      | Reached XP level 2. HP: 16/16 MP: 5/5
   414 | D:1      | Reached skill level 1 in Fighting
   551 | D:1      | Found a faded altar of an unknown god.
   937 | D:2      | Reached XP level 3. HP: 15/20 MP: 6/6
  1126 | D:2      | Found a basalt altar of Yredelemnul.
  1674 | D:3      | Reached XP level 4. HP: 26/26 MP: 8/8
  1678 | D:3      | Learned a level 3 spell: Stone Arrow
  1851 | D:3      | Noticed Grinder
  1858 | D:3      | Killed Grinder
  1859 | D:3      | Reached skill level 3 in Spellcasting
  1859 | D:3      | Reached skill level 5 in Earth Magic
  1859 | D:3      | Reached XP level 5. HP: 21/30 MP: 10/10
  1859 | D:3      | Reached XP level 6. HP: 25/35 MP: 11/11
  2440 | D:4      | Reached skill level 4 in Spellcasting
  2625 | D:4      | Noticed Robin
  2823 | D:4      | Reached XP level 7. HP: 40/40 MP: 13/13
  2942 | D:4      | Killed Robin
  2969 | D:4      | Found a hazy altar of Hepliaklqana.
  3116 | D:5      | Entered Level 5 of the Dungeon
  3116 | D:5      | Found Cuneumon's Distillery.
  3124 | D:5      | Bought a potion of curing for 33 gold pieces
  3124 | D:5      | Bought a potion of heal wounds for 55 gold pieces
  3124 | D:5      | Bought a potion of mutation for 88 gold pieces
  3124 | D:5      | Bought a potion of degeneration for 11 gold pieces
  3163 | D:5      | Reached skill level 5 in Spellcasting
  3163 | D:5      | Reached XP level 8. HP: 11/44 MP: 7/15
  3177 | D:5      | Reached skill level 5 in Conjurations
  3800 | D:5      | Found a faded altar of an unknown god.
  3800 | D:5      | Found an opulent altar of Gozag.
  3809 | D:5      | Found a faded altar of an unknown god.
  3811 | D:5      | Found a sparkling altar of Nemelex Xobeh.
  3813 | D:5      | Found a radiant altar of Vehumet.
  3816 | D:5      | Became a worshipper of Vehumet
  3858 | D:5      | Found a shimmering altar of Xom.
  4180 | D:5      | Reached skill level 6 in Spellcasting
  4228 | D:5      | Learned a level 5 spell: Irradiate
  4256 | D:5      | Found a glowing golden altar of the Shining One.
  4328 | D:5      | Identified the +0 ring mail of Fuffenif {rC+ Stlth+}
  4544 | D:6      | Found a sand-covered staircase.
  4551 | Ossuary  | Entered an ossuary
  4563 | Ossuary  | Reached skill level 1 in Alchemy
  4642 | Ossuary  | Reached XP level 9. HP: 47/48 MP: 18/18
  4700 | Ossuary  | Reached * piety under Vehumet
  4700 | Ossuary  | Offered knowledge of Foxfire by Vehumet.
  5027 | D:6      | Found a staircase to the Ecumenical Temple.
  5242 | D:6      | Reached skill level 7 in Spellcasting
  5242 | D:6      | Offered knowledge of Scorch by Vehumet.
  5254 | D:6      | Reached ** piety under Vehumet
  5436 | D:6      | Found a sacrificial altar of Ru.
  5520 | D:6      | Found a glowing silver altar of Zin.
  5723 | D:6      | Reached skill level 1 in Maces & Flails
  6927 | D:7      | Found a burning altar of Makhleb.
  7097 | D:8      | Noticed a two-headed ogre
  7102 | D:8      | Killed a two-headed ogre
  7103 | D:8      | Reached skill level 8 in Spellcasting
  7103 | D:8      | Reached XP level 10. HP: 43/58 MP: 22/22
  7637 | D:8      | Offered knowledge of Searing Ray by Vehumet.
  8144 | D:9      | Found a white marble altar of Elyvilon.
  8531 | D:9      | Noticed Prince Ribbit
  8534 | D:9      | Killed Prince Ribbit
  8579 | D:9      | Found a blossoming altar of Fedhas.
  8614 | D:9      | Reached skill level 5 in Fighting
  8874 | D:9      | Reached skill level 1 in Armour
  8874 | D:9      | Reached skill level 5 in Alchemy
  8940 | D:9      | Reached *** piety under Vehumet
  9032 | D:9      | Noticed a centaur warrior
  9041 | D:9      | Killed a centaur warrior
  9042 | D:9      | Reached XP level 11. HP: 20/64 MP: 21/23
  9119 | D:9      | Reached skill level 5 in Maces & Flails
  9377 | D:9      | Found a staircase to the Orcish Mines.
  9546 | D:10     | Entered Level 10 of the Dungeon
  9548 | D:10     | Found the +8 frozen axe "Frostbite" {freeze, freezing
                  | cloud, *Noise Fly rC+}
  9551 | D:10     | Reached skill level 9 in Spellcasting
  9604 | D:9      | Offered knowledge of Hailstorm by Vehumet.
 10046 | D:10     | Noticed a manticore
 10075 | D:10     | Killed a manticore
 10156 | D:10     | Found a runed translucent door.
 10156 | D:10     | Found a shimmering altar of Xom.
 10156 | D:10     | Noticed Karim's ghost (journeyman GnEE)
 10156 | D:10     | Noticed a +2 hand axe of chaos
 10166 | D:10     | Killed a +2 hand axe of chaos
 10171 | D:10     | Killed Karim's ghost
 10575 | D:10     | Found a shimmering blue altar of Sif Muna.
 10654 | D:10     | Found a runed translucent door.
 10659 | D:10     | Found a basalt altar of Yredelemnul.
 10842 | D:11     | Noticed a manticore
 10847 | D:11     | Killed a manticore
 11057 | D:11     | Noticed a boulder beetle
 11070 | D:11     | Killed a boulder beetle
 11071 | D:11     | Reached XP level 12. HP: 60/72 MP: 10/25
 11592 | D:11     | Reached skill level 10 in Spellcasting
 11644 | D:11     | Noticed Josephine
 11656 | D:11     | Killed Josephine
 11826 | D:11     | Slain by a komodo dragon

Illustrated notes

Levels and vault maps discovered:
D:1:      lightli_arrival_farm, layout_basic, basic_ecumenical_altar,
          minmay_vboxes
D:2:      layout_rooms, basic_altar, amethyst_killhole
D:3:      layout_rooms, nicolae_elevator_lobby_plus, uniq_grinder
D:4:      layout_basic, mainiacjoe_overflow_alcove_1, uniq_robin
D:5:      layout_loops_ring, xom_teletrap_fun, mainiacjoe_overflow_paths,
          chequers_temple_overflow_minitemple, nicolae_stop_n_shop_2,
          dreamdust_mushroom_princess, wad_rectangle_vault
D:6:      layout_layer_cave, nicolae_ru_the_path_less_chosen, zin_statuary,
          minmay_temple_entry_slanted, nicolae_ossuary_entry_ruins,
          kennysheep_boxes
D:7:      layout_basic, makhleb_grotto_becter
D:8:      layout_layer_cave
D:9:      layout_loops_cross, old_standard_altar, fedhas_altar_4, orc_0_dummy,
          nicolae_doodle_vault, uniq_prince_ribbit1
D:10:     minmay_coctagon, layout_cave_pools, marbit_many_paths,
          dk_yredelemnul_ordeal, ebering_ghost_xom
D:11:     layout_roguey, erik_lair_dragon, uniq_josephine

Skill      XL: |  1  2  3  4  5  6  7  8  9 10 11 12 |
---------------+-------------------------------------+-----
Fighting       | 1 2 4 6 7 |  7.2
Earth Magic    | 4 5 6 7 8 9 |  9.8
Spellcasting   | 3 4 5 6 8 9 10 | 10.2
Conjurations   | 2 3 4 6 7 8 |  8.0
Alchemy        | 1 4 5 6 |  6.3
Maces & Flails | 3 4 6 |  6.1
Armour         | 2 4 |  4.8
Dodging        | |  1.5
Stealth        | |  2.1

Action                     |  1- 3 |  4- 6 |  7- 9 | 10-12 || total
---------------------------+-------+-------+-------+-------++-------
  Melee: Unarmed           |     1 |       |       |       ||     1
         Dagger            |    11 |     6 |    14 |       ||    31
         Club              |     3 |       |       |       ||     3
         Flail             |       |       |    19 |   183 ||   202
         Punch             |       |       |     1 |     1 ||     2
   Cast: Sandblast         |    39 |    34 |   138 |    65 ||   276
         Stone Arrow       |       |     5 |    30 |    87 ||   122
         Irradiate         |       |       |       |     8 ||     8
  Evoke: Wand              |       |       |     1 |     2 ||     3
    Use: Scroll            |       |     1 |    14 |     8 ||    23
         Potion            |       |       |     3 |     5 ||     8
 Armour: Robe              |    26 |     9 |   111 |    36 ||   182
         Troll leather arm |       |       |       |   268 ||   268
  Dodge: Dodged            |    17 |     5 |   104 |   193 ||   319
